[Event "December 19 Late 2023"]
[Site "https://www.chess.com"]
[Date "2023.12.19"]
[Round "7"]
[White "Novikova, Galina"]
[Black "Biernacki, Mark"]
[Result "1-0"]
[Board "108"]
[TimeControl "180+1"]
[WhiteFideId "4157095"]
[BlackFideId "2082322"]
[WhiteElo "1972"]
[BlackElo "1965"]
[WhiteTeam "RUS"]
[BlackTeam "USA"]
[WhiteClock "0:00:35"]
[BlackClock "0:00:00"]

1. e4 c6 2. d4 d5 3. e5 Bf5 4. Nc3 e6 5. g4 Bg6 6. Nge2 c5 7. h4 h5 8. Nf4 cxd4 9. Nxg6 fxg6 10. Qxd4 Nc6 11. Qf4 Bb4 12. Bd2 Nge7 13. O-O-O Rf8 14. Qg3 Qb6 15. f4 O-O-O 16. gxh5 gxh5 17. Qxg7 Nf5 18. Qg1 Bc5 19. Qg6 Nce7 20. Qg2 Rg8 21. Qf3 Rg3 22. Qxh5 Bd4 23. Bd3 Rxd3 24. cxd3 Ng3 25. Qf7 Nxh1 26. Rxh1 Nf5 27. h5 Bxc3 28. Bxc3 Qe3+ 29. Kb1 Qxd3+ 30. Ka1 Kb8 31. Qxe6 Ne3 32. a3 Nc2+ 33. Ka2 Qc4+ 34. Kb1 Qd3 35. Qg6 Nxa3+ 36. Ka2 Qc4+ 37. Kxa3 1-0

[Event "December 19 Late 2023"]
[Site "https://www.chess.com"]
[Date "2023.12.19"]
[Round "7"]
[White "Kanter, Eduard"]
[Black "Ward, Ieuan C"]
[Result "0-1"]
[Board "109"]
[TimeControl "180+1"]
[WhiteFideId "4103963"]
[BlackFideId "406627"]
[WhiteElo "2243"]
[BlackElo "2321"]
[WhiteTeam "RUS"]
[BlackTeam "ENG"]
[WhiteClock "0:00:00"]
[BlackClock "0:00:13"]

1. d4 e5 2. dxe5 Nc6 3. Nf3 Qe7 4. g3 Nxe5 5. Nxe5 Qxe5 6. Bg2 c6 7. O-O d5 8. c4 dxc4 9. Nc3 Nf6 10. Bf4 Qe6 11. e4 Be7 12. e5 Nd7 13. Qh5 Qg6 14. Qe2 Qe6 15. h4 O-O 16. Rad1 Nb6 17. Ne4 Qg4 18. Bf3 Qe6 19. Ng5 Bxg5 20. Rd6 Qe8 21. Bxg5 Be6 22. Be4 h6 23. Bc1 Bd5 24. Bb1 f6 25. Qc2 f5 26. e6 Qe7 27. Bf4 Rad8 28. Rxd8 Qxd8 29. Re1 Qe7 30. Qc3 Rf6 31. Bd6 Qxd6 32. e7 Bf7 33. e8=Q+ Bxe8 34. Rxe8+ Rf8 35. Re1 Qf6 36. Qc2 Nd5 37. Qxc4 f4 38. Qe4 fxg3 39. Qh7+ Kf7 40. fxg3 Qd4+ 0-1

[Event "December 19 Late 2023"]
[Site "https://www.chess.com"]
[Date "2023.12.19"]
[Round "7"]
[White "Merriman, John"]
[Black "Krzywda, Andrzej"]
[Result "0-1"]
[Board "110"]
[TimeControl "180+1"]
[WhiteFideId "402362"]
[BlackFideId "1114565"]
[WhiteElo "2207"]
[BlackElo "2130"]
[WhiteTeam "ENG"]
[BlackTeam "POL"]
[WhiteClock "0:00:00"]
[BlackClock "0:00:04"]

1. d4 d5 2. Bf4 Nf6 3. e3 c5 4. c3 Qb6 5. Qc2 Nh5 6. Bg5 h6 7. Bh4 g5 8. Bg3 Nxg3 9. hxg3 Bg7 10. Nf3 Nc6 11. Bd3 Bd7 12. Nbd2 O-O-O 13. dxc5 Qxc5 14. Nb3 Qb6 15. Nbd4 e6 16. O-O-O Kb8 17. Kb1 Rc8 18. g4 Nb4 19. Qd2 Nxd3 20. Qxd3 e5 21. Nb3 Be6 22. Qd2 Rhd8 23. Rhe1 Rd7 24. Ka1 Rc4 25. Qc2 Ra4 26. Nc5 Rxa2+ 27. Kxa2 Qxc5 28. Kb1 Bxg4 29. e4 dxe4 30. Qxe4 f5 31. Qa4 Rxd1+ 32. Rxd1 a6 33. Rd8+ Ka7 34. Rd7 Bxf3 35. gxf3 Bf6 36. Qb3 Qc6 37. Qf7 e4 38. fxe4 Qxe4+ 39. Ka1 Qc6 40. Rc7 Qb6 41. Kb1 f4 42. Rd7 h5 43. Qd5 h4 44. f3 h3 45. Rh7 h2 46. Rxh2 Qg1+ 47. Ka2 Qxh2 48. Qe6 Qh8 49. Qd6 Qg8+ 0-1

[Event "December 19 Late 2023"]
[Site "https://www.chess.com"]
[Date "2023.12.19"]
[Round "7"]
[White "Antonio, Jorge Carlos"]
[Black "Seletsky, Grigory"]
[Result "1/2-1/2"]
[Board "111"]
[TimeControl "180+1"]
[WhiteFideId "113190"]
[BlackFideId "14112191"]
[WhiteElo "2247"]
[BlackElo "2482"]
[WhiteTeam "ARG"]
[BlackTeam "UKR"]
[WhiteClock "0:01:10"]
[BlackClock "0:00:36"]

1. d4 e6 2. Nf3 Nf6 3. Bf4 Bd6 4. Bxd6 cxd6 5. e3 d5 6. c4 dxc4 7. Bxc4 O-O 8. O-O b6 9. Be2 Bb7 10. Nbd2 d6 11. Rc1 Nc6 12. a3 Rc8 13. b4 Qe7 14. Qb3 e5 15. dxe5 dxe5 16. Bb5 e4 17. Bxc6 Bxc6 18. Nd4 Bd5 19. Qb2 g6 20. Rxc8 Rxc8 21. h3 h5 22. Rc1 Qd8 23. Rxc8 Qxc8 24. Qc2 Qd7 25. b5 Kg7 26. a4 h4 27. Nc6 a5 28. Qc3 Qd6 29. Nf1 Kg8 30. Nh2 Nd7 31. Ng4 f5 32. Nge5 Nxe5 33. Nxe5 Kh7 34. Nc6 Kg8 35. Qd4 Kf7 36. Qxb6 Bxc6 37. bxc6 Qd1+ 38. Kh2 Qd6+ 39. Kg1 Qd1+ 40. Kh2 Qd6+ 41. Kg1 1/2-1/2

[Event "December 19 Late 2023"]
[Site "https://www.chess.com"]
[Date "2023.12.19"]
[Round "7"]
[White "Gao, Raymond"]
[Black "Gasparyan, David"]
[Result "1-0"]
[Board "112"]
[TimeControl "180+1"]
[WhiteFideId "2629429"]
[BlackFideId "13311980"]
[WhiteElo "1953"]
[BlackElo "2452"]
[WhiteTeam "CAN"]
[BlackTeam "USA"]
[WhiteClock "0:00:52"]
[BlackClock "0:00:05"]

1. e4 c5 2. Nf3 e6 3. c3 Nc6 4. Bb5 Qb6 5. a4 Nge7 6. Na3 Ng6 7. O-O Be7 8. d3 a6 9. Nc4 Qc7 10. Bxc6 bxc6 11. a5 d5 12. Nb6 Rb8 13. g3 O-O 14. h4 Bd6 15. h5 Ne7 16. e5 Bxe5 17. Nxe5 Qxe5 18. Bf4 Qf5 19. Bxb8 e5 20. Bd6 Re8 21. Bxe7 Rxe7 22. Nxc8 Qxc8 23. Qf3 Qh3 24. c4 d4 25. Qxc6 h6 26. Qxa6 e4 27. dxe4 Re5 28. Qa8+ Kh7 29. Qd5 Rxd5 30. cxd5 f5 31. exf5 Qxf5 32. a6 Qxd5 33. a7 Qa8 34. Rfc1 d3 35. Rxc5 d2 36. Rca5 g5 37. b4 g4 38. b5 Qf3 39. a8=Q d1=Q+ 40. Rxd1 Qxd1+ 41. Kg2 Kg7 42. Ra7+ Kf6 43. Qf8+ Ke6 44. Re7+ Kd5 45. Qd8+ Kc5 46. Rc7+ Kb4 47. Qxd1 Ka5 48. Qa1+ Kb6 49. Rc6+ Kb7 50. Qa6+ Kb8 51. Rc8# 1-0

[Event "December 19 Late 2023"]
[Site "https://www.chess.com"]
[Date "2023.12.19"]
[Round "7"]
[White "Slavin, Alexey"]
[Black "Spichkin, Alexander"]
[Result "1-0"]
[Board "113"]
[TimeControl "180+1"]
[WhiteFideId "24104388"]
[BlackFideId "4144074"]
[WhiteElo "2264"]
[BlackElo "1955"]
[WhiteTeam "RUS"]
[BlackTeam "RUS"]
[WhiteClock "0:00:54"]
[BlackClock "0:02:11"]

1. e4 e5 2. Nf3 d5 3. Nc3 dxe4 4. Nxe4 f5 5. Ng3 e4 6. Qe2 Nc6 7. c3 Nf6 8. d3 Qe7 9. dxe4 fxe4 10. Ng5 Bf5 11. Nxf5 Qe5 12. Ng3 O-O-O 13. N5xe4 Nxe4 14. Nxe4 Re8 15. f3 Bc5 16. Be3 Bb6 17. O-O-O Qa5 18. Bxb6 axb6 19. Kb1 Ne5 20. Qb5 Qa7 21. Bc4 c6 22. Qb3 b5 23. Be6+ Kb8 24. Rhe1 Qb6 25. Bd7 Re7 26. Bh3 Rhe8 27. Nd6 Rd8 28. f4 Qf2 29. fxe5 Rxd6 30. exd6 Rxe1 31. d7 Rxd1+ 32. Qxd1 1-0

[Event "December 19 Late 2023"]
[Site "https://www.chess.com"]
[Date "2023.12.19"]
[Round "7"]
[White "Shapiro, Daniel"]
[Black "Serra Canals, Oriol"]
[Result "1-0"]
[Board "114"]
[TimeControl "180+1"]
[WhiteFideId "2001780"]
[BlackFideId "22276084"]
[WhiteElo "2298"]
[BlackElo "2108"]
[WhiteTeam "USA"]
[BlackTeam "ESP"]
[WhiteClock "0:00:10"]
[BlackClock "0:00:00"]

1. d4 e6 2. c4 d5 3. Nf3 Nf6 4. g3 Be7 5. Bg2 O-O 6. O-O dxc4 7. Ne5 Nc6 8. Bxc6 bxc6 9. Nxc6 Qe8 10. Nxe7+ Qxe7 11. Qa4 e5 12. dxe5 Qxe5 13. Qxc4 Bh3 14. Re1 Rfd8 15. Nc3 Rd4 16. Qc6 Rad8 17. Be3 R4d6 18. Qc5 Qe6 19. Bf4 R6d7 20. Qxa7 Nd5 21. Nxd5 Qxd5 22. f3 g5 23. Be3 g4 24. Qc5 Qb7 25. Qg5+ Kh8 26. Qf6+ Kg8 27. Bh6 Qb6+ 28. Qxb6 cxb6 29. Kf2 gxf3 30. exf3 f5 31. Bf4 Kf7 32. Re2 Kg6 33. Rae1 Rc8 34. Re6+ Kf7 35. R1e2 1-0

[Event "December 19 Late 2023"]
[Site "https://www.chess.com"]
[Date "2023.12.19"]
[Round "7"]
[White "Cardozo Munar, Carlos Eduardo"]
[Black "Buchenau, Frank"]
[Result "0-1"]
[Board "115"]
[TimeControl "180+1"]
[WhiteFideId "4409477"]
[BlackFideId "4604350"]
[WhiteElo "2067"]
[BlackElo "2157"]
[WhiteTeam "COL"]
[BlackTeam "GER"]
[WhiteClock "0:00:00"]
[BlackClock "0:00:16"]

1. d4 e6 2. c3 Nf6 3. Nf3 b6 4. Bg5 Be7 5. Nbd2 Bb7 6. e3 c5 7. Bd3 cxd4 8. exd4 Nd5 9. Bxe7 Qxe7 10. g3 O-O 11. Qe2 f5 12. O-O g5 13. a3 g4 14. Ne5 d6 15. Nec4 Nd7 16. Rae1 Rae8 17. Ne3 Nxe3 18. fxe3 Qg5 19. e4 f4 20. gxf4 Rxf4 21. Rxf4 Qxf4 22. Rf1 Qg5 23. Rf2 h5 24. Nf1 Rf8 25. Qe3 Qxe3 26. Nxe3 Rxf2 27. Kxf2 Nf6 28. e5 dxe5 29. dxe5 Nd7 30. Bg6 Nxe5 31. Bxh5 Bf3 32. h3 g3+ 33. Kxg3 Bxh5 34. Kf4 Nd3+ 35. Kg5 Be2 36. Kf6 Nxb2 37. Kxe6 Nc4 38. Nxc4 Bxc4+ 39. Kd6 b5 40. Kc5 Kg7 41. a4 a6 42. Kb4 Kg6 43. Ka5 Kh5 44. Kb6 bxa4 0-1

[Event "December 19 Late 2023"]
[Site "https://www.chess.com"]
[Date "2023.12.19"]
[Round "7"]
[White "Azar, Sebastien"]
[Black "Palmer, Reegan"]
[Result "1-0"]
[Board "116"]
[TimeControl "180+1"]
[WhiteFideId "2640198"]
[BlackFideId "14322145"]
[WhiteElo "2386"]
[BlackElo "1814"]
[WhiteTeam "CAN"]
[BlackTeam "RSA"]
[WhiteClock "0:00:17"]
[BlackClock "0:00:23"]

1. e4 e6 2. d4 d5 3. e5 c5 4. c3 Nc6 5. Nf3 Qb6 6. Bd3 Nh6 7. O-O cxd4 8. Re1 dxc3 9. Nxc3 Ng4 10. Qe2 Bc5 11. Rf1 Qc7 12. Bf4 f6 13. Nxd5 exd5 14. exf6+ Nge5 15. fxg7 Qxg7 16. Nxe5 O-O 17. Bg3 Re8 18. Rfe1 Bd4 19. Qh5 Rxe5 20. Bxe5 Nxe5 21. Qe8+ Qf8 22. Rxe5 Bxe5 23. Qxe5 Qf7 24. Re1 Bd7 25. h3 Re8 26. Qg3+ Qg7 27. Rxe8+ Bxe8 28. Qb8 Qe7 29. Bb5 Kf8 30. Bxe8 Qxe8 31. Qxe8+ Kxe8 32. Kf1 Ke7 33. Ke2 Kd6 34. Kd3 Kc5 35. a3 Kd6 36. Kd4 Ke6 37. g4 h6 38. f4 b5 39. f5+ Kd6 40. h4 a5 41. g5 hxg5 42. hxg5 a4 43. g6 Ke7 44. Kxd5 Kf6 45. Kc5 Kxf5 46. g7 Kg6 47. g8=Q+ Kf6 48. Kxb5 Ke7 49. Kxa4 Kd6 50. Kb3 Kc7 51. a4 Kb6 52. Ka3 Ka5 53. b3 Kb6 54. Qe6+ Kc5 55. Qe5+ Kb6 56. b4 Ka6 57. a5 Ka7 58. Qc7+ Ka8 59. Qg7 Kb8 60. Kb3 Kc8 61. Kc4 Kd8 62. Kb5 Ke8 63. Kc6 Kd8 64. Qd7# 1-0

[Event "December 19 Late 2023"]
[Site "https://www.chess.com"]
[Date "2023.12.19"]
[Round "7"]
[White "Kovacevic, Radmila"]
[Black "Laskakis, Konstantinos"]
[Result "1-0"]
[Board "117"]
[TimeControl "180+1"]
[WhiteFideId "933171"]
[BlackFideId "42134374"]
[WhiteElo "2052"]
[BlackElo "2379"]
[WhiteTeam "SRB"]
[BlackTeam "GRE"]
[WhiteClock "0:00:47"]
[BlackClock "0:00:14"]

1. e4 e5 2. Nc3 Nf6 3. d4 exd4 4. Qxd4 Nc6 5. Qe3 Bb4 6. Bd2 O-O 7. O-O-O Re8 8. Qg3 Nxe4 9. Nxe4 Rxe4 10. c3 Bf8 11. Bd3 Re8 12. Bg5 Be7 13. f4 Bxg5 14. fxg5 Ne5 15. Bc2 d6 16. Nf3 Ng4 17. Rd4 Ne3 18. Bb1 Nf5 19. Qh3 Nxd4 20. Qxh7+ Kf8 21. cxd4 Re6 22. d5 Re3 23. Qh8+ Ke7 24. Qxg7 Bg4 25. Qf6+ Ke8 26. Qf4 Rxf3 27. gxf3 Bd7 28. Re1+ Kf8 29. g6 f6 30. Qh6+ Kg8 31. Qh7+ Kf8 32. Qf7# 1-0

[Event "December 19 Late 2023"]
[Site "https://www.chess.com"]
[Date "2023.12.19"]
[Round "7"]
[White "Vanek, Tomas"]
[Black "Marin Pincheira, Carlos"]
[Result "1-0"]
[Board "118"]
[TimeControl "180+1"]
[WhiteFideId "313459"]
[BlackFideId "3407543"]
[WhiteElo "2052"]
[BlackElo "2080"]
[WhiteTeam "CZE"]
[BlackTeam "CHI"]
[WhiteClock "0:00:18"]
[BlackClock "0:00:33"]

1. e4 c6 2. d4 d5 3. Nc3 dxe4 4. Nxe4 Nd7 5. Bc4 Ngf6 6. Bxf7+ Kxf7 7. Ng5+ Ke8 8. Ne6 Qa5+ 9. c3 Qd5 10. Nc7+ Kd8 11. Nxd5 Nxd5 12. Nf3 e6 13. O-O Be7 14. Be3 Rf8 15. Re1 N7f6 16. Qc2 a5 17. Rad1 Kc7 18. a3 a4 19. c4 Nxe3 20. Rxe3 Bd6 21. d5 exd5 22. cxd5 Bf4 23. dxc6 Bxe3 24. cxb7+ Kxb7 25. fxe3 Bd7 26. Qc5 Rfc8 27. Qb4+ Kc7 28. Ne5 Be6 29. Nc4 Bxc4 30. Qxc4+ Kb7 31. Qb4+ Kc7 32. Qe7+ Kb6 33. Qxg7 Rc6 34. Qe7 Re8 35. Qb4+ Kc7 36. Rf1 Nd5 37. Qd4 Rd6 38. Rf7+ Re7 39. Rxe7+ Nxe7 40. Qc5+ Kd7 41. Qb5+ Ke6 42. Qxa4 Nf5 43. Qe4+ Kf6 44. g4 Rd1+ 45. Kf2 Rd2+ 46. Kf3 Nh4+ 47. Kg3 Ng6 48. Qf5+ Kg7 49. Qe4 Rd7 50. a4 Kf7 51. a5 Re7 52. Qf5+ Kg7 53. b4 Rxe3+ 54. Kf2 Rb3 55. Qe4 Rb2+ 56. Ke1 Rxh2 57. Qd4+ Kf7 58. Qd7+ Kg8 59. Qd8+ Nf8 60. Qd5+ Kg7 61. Qe5+ Kf7 62. Qxh2 Ke6 63. Qf2 Kd5 64. Qe2 Ne6 65. Qd2+ Kc4 66. g5 Nd4 67. Qxd4+ Kxd4 68. a6 Kd5 69. a7 1-0

[Event "December 19 Late 2023"]
[Site "https://www.chess.com"]
[Date "2023.12.19"]
[Round "7"]
[White "Smith, Garrett L"]
[Black "Michalski, Olaf"]
[Result "1-0"]
[Board "119"]
[TimeControl "180+1"]
[WhiteFideId "2024829"]
[BlackFideId "1106740"]
[WhiteElo "2368"]
[BlackElo "2105"]
[WhiteTeam "USA"]
[BlackTeam "POL"]
[WhiteClock "0:01:08"]
[BlackClock "0:00:00"]

1. e4 c5 2. Nf3 a6 3. a4 e6 4. d4 d5 5. exd5 exd5 6. Be2 Nf6 7. O-O c4 8. Ne5 Be7 9. f4 O-O 10. c3 Ne4 11. Nd2 f5 12. Nxe4 fxe4 13. b3 cxb3 14. Qxb3 Nc6 15. Be3 Na5 16. Qa2 Be6 17. Rab1 Rc8 18. g4 Rxc3 19. Bd2 Ra3 20. Qb2 Rxa4 21. Bxa5 Qxa5 22. Qxb7 Bh4 23. f5 Bc8 24. Qc6 Rxd4 25. Rb8 Qd8 26. Bxa6 Qg5 27. Bxc8 Qe3+ 28. Kh1 1-0

[Event "December 19 Late 2023"]
[Site "https://www.chess.com"]
[Date "2023.12.19"]
[Round "7"]
[White "Malek, Omid"]
[Black "Feliz Dotel, Dewar Bienvenido"]
[Result "1-0"]
[Board "120"]
[TimeControl "180+1"]
[WhiteFideId "2605384"]
[BlackFideId "6402801"]
[WhiteElo "2013"]
[BlackElo "2069"]
[WhiteTeam "CAN"]
[BlackTeam "DOM"]
[WhiteClock "0:02:20"]
[BlackClock "0:01:27"]

1. d4 Nf6 2. Bf4 e6 3. Nf3 b6 4. e3 Bb7 5. Nbd2 c5 6. c3 Nc6 7. Nc4 d5 8. Nce5 Nxe5 9. Nxe5 Bd6 10. Bb5+ Ke7 11. Qf3 a6 12. Ba4 b5 13. Bc2 cxd4 14. exd4 Bxe5 15. Bxe5 Rc8 16. a3 a5 17. Qg3 Ne8 18. O-O f6 19. Bf4 g5 20. Be3 Nd6 21. f4 Nf5 22. Bxf5 exf5 23. fxg5 fxg5 24. Bxg5+ 1-0

[Event "December 19 Late 2023"]
[Site "https://www.chess.com"]
[Date "2023.12.19"]
[Round "7"]
[White "Ivanov, Aleksandr"]
[Black "Su, Dion"]
[Result "0-1"]
[Board "121"]
[TimeControl "180+1"]
[WhiteFideId "2092980"]
[BlackFideId "2029731"]
[WhiteElo "2148"]
[BlackElo "2366"]
[WhiteTeam "USA"]
[BlackTeam "USA"]
[WhiteClock "0:00:00"]
[BlackClock "0:00:37"]

1. d4 Nf6 2. c4 e6 3. Nc3 Bb4 4. e3 b6 5. Bd3 O-O 6. Ne2 d5 7. cxd5 exd5 8. O-O a6 9. Qc2 h6 10. h3 Bd6 11. e4 dxe4 12. Nxe4 Bb7 13. Nxd6 Qxd6 14. Be3 Nbd7 15. Rac1 Rac8 16. Rfd1 Rfe8 17. Nf4 Nd5 18. Nxd5 Qxd5 19. Bf1 Qxa2 20. d5 Qa5 21. Qf5 Ne5 22. Bf4 f6 23. b4 Qxb4 24. Bxe5 Rxe5 25. Qd7 Qe7 26. Qg4 f5 27. Qg6 Bxd5 28. Rxd5 Rxd5 29. Bc4 Rd8 0-1

[Event "December 19 Late 2023"]
[Site "https://www.chess.com"]
[Date "2023.12.19"]
[Round "7"]
[White "Chess_Star1234"]
[Black "Saim, Mohamed Ilias"]
[Result "1-0"]
[Board "122"]
[TimeControl "180+1"]
[BlackFideId "7900465"]
[WhiteElo "2352"]
[BlackElo "2063"]
[BlackTeam "ALG"]
[WhiteClock "0:00:19"]
[BlackClock "0:00:49"]

1. d4 Nf6 2. c4 e6 3. Nc3 Bb4 4. Qc2 c5 5. dxc5 O-O 6. a3 Bxc5 7. Nf3 Nc6 8. e3 b6 9. Be2 Bb7 10. O-O a6 11. Rd1 Qc7 12. b4 Be7 13. Bb2 d6 14. Rac1 Rac8 15. h3 Rfd8 16. Qb3 Qb8 17. Na4 Ba8 18. Nd4 Ne5 19. Qa2 Qb7 20. Nf3 b5 21. cxb5 axb5 22. Bxe5 dxe5 23. Rxd8+ Rxd8 24. Nc5 Qd5 25. Qxd5 Rxd5 26. Bxb5 h6 27. Bc4 Rd8 28. Nxe5 Rd2 29. Nf3 Bxf3 30. gxf3 Kf8 31. Kg2 Ke8 32. Bd3 Bxc5 33. Bb5+ Kd8 34. Rxc5 Ra2 35. a4 Rb2 36. Rc4 Nd5 37. Rd4 Rxb4 38. Rxb4 Nxb4 39. Kg3 Kc7 40. Kf4 f6 41. e4 Nc2 42. e5 f5 43. Bc4 Kd7 44. a5 Nd4 45. a6 Kc7 46. a7 Kb7 47. Ke3 Nc2+ 48. Kd2 Na3 49. Bxe6 f4 50. Bf5 Kxa7 51. Bd3 Kb6 52. Kc3 Kc5 53. e6 Kd6 54. Kb3 Kxe6 55. Kxa3 Kd5 56. Kb3 Kd4 57. Kc2 Ke5 58. Kd2 g5 59. Ke2 h5 60. Be4 g4 61. hxg4 hxg4 62. Kd3 g3 63. fxg3 fxg3 64. Ke2 Kf4 65. Kf1 Kg5 66. Kg2 Kh4 67. Bd3 Kg5 68. Kxg3 Kf6 69. f4 Kf7 70. Kf3 Kf8 71. Bf1 Kf7 72. Ke4 Kf6 73. f5 Kf7 74. Ke5 Kf8 75. f6 Kf7 76. Kf5 Kf8 77. Ke6 Ke8 78. f7+ Kf8 79. Be2 Kg7 80. Ke7 Kg6 81. f8=Q Kg5 1-0

[Event "December 19 Late 2023"]
[Site "https://www.chess.com"]
[Date "2023.12.19"]
[Round "7"]
[White "Fernandez Bustamante, Leancy B."]
[Black "Sailer, Mike"]
[Result "1-0"]
[Board "123"]
[TimeControl "180+1"]
[WhiteFideId "3523870"]
[BlackFideId "2012901"]
[WhiteElo "2049"]
[BlackElo "2109"]
[WhiteTeam "CUB"]
[BlackTeam "USA"]
[WhiteClock "0:00:40"]
[BlackClock "0:00:00"]

1. e4 d5 2. exd5 Qxd5 3. Nc3 Qd6 4. d4 c6 5. h3 Nf6 6. Nf3 Bf5 7. Be3 e6 8. Bd3 Bxd3 9. Qxd3 Nbd7 10. O-O Qc7 11. Rfe1 Bd6 12. Bg5 O-O 13. Rad1 Bf4 14. Bxf4 Qxf4 15. Ne5 Rfd8 16. Qf3 Qxf3 17. Nxf3 Nb6 18. b3 Nbd5 19. Nxd5 cxd5 20. c4 dxc4 21. bxc4 Rac8 22. Ne5 Kf8 23. Kf1 Nd7 24. Nxd7+ Rxd7 25. c5 Rcd8 26. Re4 Rd5 27. Ke2 Ke7 28. Rb1 R8d7 29. Ke3 g5 30. g4 Kd8 31. h4 f5 32. Rxe6 Rxd4 33. gxf5 Rxh4 34. Rg1 h6 35. Re4 Rxe4+ 36. Kxe4 Ke7 37. Rh1 Rd2 38. Rxh6 Rxf2 39. Rh7+ Kf6 40. Rxb7 Rxa2 41. c6 Ra4+ 42. Kd5 Ra5+ 43. Kd6 Ra6 44. Kd7 Rxc6 45. Kxc6 Kxf5 46. Kd5 Kf4 47. Rf7+ Kg3 48. Ke4 a5 49. Rf5 g4 50. Rxa5 Kf2 51. Ra2+ Kg1 52. Kf4 1-0

[Event "December 19 Late 2023"]
[Site "https://www.chess.com"]
[Date "2023.12.19"]
[Round "7"]
[White "Ardila, Oscar Humberto"]
[Black "Egorov, Konstantin"]
[Result "1-0"]
[Board "124"]
[TimeControl "180+1"]
[WhiteFideId "4404742"]
[BlackFideId "24154369"]
[WhiteElo "1915"]
[BlackElo "1878"]
[WhiteTeam "COL"]
[BlackTeam "RUS"]
[WhiteClock "0:01:01"]
[BlackClock "0:01:13"]

1. d4 Nf6 2. c4 e6 3. Nc3 Bb4 4. Bd2 d5 5. Nf3 O-O 6. e3 b6 7. Be2 Bb7 8. O-O c5 9. Nxd5 exd5 10. Bxb4 cxb4 11. Ne5 Nbd7 12. f4 Ne4 13. Bd3 f6 14. Nxd7 Qxd7 15. Bxe4 dxe4 16. Qh5 g6 17. Qh6 a5 18. h3 Rac8 19. Rac1 Qf7 20. b3 a4 21. g4 axb3 22. axb3 Ra8 23. Rf2 Ra5 24. d5 Rfa8 25. f5 Ra2 26. fxg6 hxg6 27. Rcf1 Rxf2 28. Rxf2 Ra1+ 29. Kg2 Bc8 30. Qf4 Kg7 31. g5 Bf5 32. Qd6 fxg5 33. Qxb6 Bxh3+ 34. Kg3 Rg1+ 35. Kxh3 Qxf2 36. Qd4+ Kh6 37. Qh8# 1-0

[Event "December 19 Late 2023"]
[Site "https://www.chess.com"]
[Date "2023.12.19"]
[Round "7"]
[White "Stead, Kerry"]
[Black "GirthyHuell"]
[Result "1-0"]
[Board "125"]
[TimeControl "180+1"]
[WhiteFideId "3202577"]
[WhiteElo "1997"]
[BlackElo "2343"]
[WhiteTeam "AUS"]
[WhiteClock "0:01:39"]
[BlackClock "0:01:24"]

1. d4 f5 2. g4 fxg4 3. e4 g6 4. c3 d6 5. h3 gxh3 6. Bxh3 Bg7 7. Bg5 h6 8. Be3 Nf6 9. Qd3 Nc6 10. Nd2 g5 11. Bxc8 Rxc8 12. Ngf3 e5 13. d5 Ne7 14. O-O-O c6 15. dxc6 Rxc6 16. Nc4 Nc8 17. Ncxe5 Ra6 18. Qb5+ Kf8 19. Ng6+ Kg8 20. Nxh8 Kxh8 21. Nxg5 Kg8 22. Ne6 Qe7 23. Nxg7 Qxg7 24. Rdg1 Ne7 25. Rxg7+ Kxg7 26. Qxb7 Rxa2 27. Qxe7+ Kg6 28. Rxh6# 1-0

[Event "December 19 Late 2023"]
[Site "https://www.chess.com"]
[Date "2023.12.19"]
[Round "7"]
[White "Reinecke, Katharina"]
[Black "Hoffmann, Asa"]
[Result "0-1"]
[Board "126"]
[TimeControl "180+1"]
[WhiteFideId "12929727"]
[BlackFideId "2001470"]
[WhiteElo "1761"]
[BlackElo "2117"]
[WhiteTeam "GER"]
[BlackTeam "USA"]
[WhiteClock "0:00:04"]
[BlackClock "0:01:23"]

1. d4 Nf6 2. c4 c5 3. Nf3 cxd4 4. Nxd4 e5 5. Nc2 d5 6. cxd5 Qxd5 7. Qxd5 Nxd5 8. g3 Nc6 9. Bg2 Be6 10. a3 Be7 11. O-O O-O 12. b4 a6 13. Bb2 Rfd8 14. Nc3 Rac8 15. Nxd5 Bxd5 16. Ne3 Bxg2 17. Kxg2 Nd4 18. Bxd4 exd4 19. Nf5 Bf6 20. Rac1 g6 21. Nh4 Bxh4 22. gxh4 Rc3 23. Rxc3 dxc3 24. Rc1 Rc8 25. Rc2 Kg7 26. e3 Kf6 27. f4 Kf5 28. Kf3 Rc4 29. h5 gxh5 30. h3 h4 31. Ke2 Ke4 32. Rc1 c2 33. Kd2 b5 34. Ke2 Rc3 35. Kd2 Rxe3 36. Rxc2 Rd3+ 37. Kc1 Rxh3 38. Rc7 f5 39. Rc6 Rxa3 40. Rh6 Kxf4 41. Rxh7 h3 42. Kd2 Rg3 43. Ke1 Kf3 44. Rh5 f4 45. Kf1 a5 46. Rh4 a4 47. Rh5 a3 48. Rxb5 h2 49. Rh5 Rg1# 0-1

[Event "December 19 Late 2023"]
[Site "https://www.chess.com"]
[Date "2023.12.19"]
[Round "7"]
[White "Porat, Tori"]
[Black "Kubatko, Ivan"]
[Result "0-1"]
[Board "127"]
[TimeControl "180+1"]
[WhiteFideId "30982626"]
[BlackFideId "24111473"]
[WhiteElo "1693"]
[BlackElo "2285"]
[WhiteTeam "USA"]
[BlackTeam "RUS"]
[WhiteClock "0:00:00"]
[BlackClock "0:00:03"]

1. d4 Nf6 2. c4 Nc6 3. Nc3 e5 4. dxe5 Nxe5 5. e4 Bc5 6. h3 d6 7. Nf3 O-O 8. Bg5 h6 9. Bh4 Ng6 10. Bg3 Re8 11. Bd3 Bf5 12. O-O Nxe4 13. Nxe4 Bxe4 14. Bxe4 Rxe4 15. Qd3 Re6 16. a3 a5 17. Rfe1 Qd7 18. Qd2 a4 19. Ne5 Nxe5 20. Bxe5 Rae8 21. Bc3 Rxe1+ 22. Rxe1 Rxe1+ 23. Qxe1 Qe6 24. Qf1 Qe4 25. Kh1 f6 26. Kg1 Kf7 27. Kh1 Qc2 28. Kg1 Bxa3 29. c5 Bxb2 30. Bxb2 Qxb2 31. Qc4+ Kf8 32. Qxa4 dxc5 33. Qd7 Qe5 34. Qd8+ Kf7 35. Qd7+ Qe7 36. Qd5+ Kf8 37. Qxb7 Qe1+ 38. Kh2 Qxf2 39. Qxc7 Qd4 40. Qc8+ Kf7 41. Qc7+ Kg6 42. Qg3+ Kh7 43. Qf3 Qe5+ 44. Kg1 Qd4+ 45. Kh2 Qe5+ 46. Kg1 f5 47. Kh1 Qe4 48. Qc3 c4 49. Kh2 Qd3 50. Qc1 c3 51. Kg1 c2 52. Qf4 Qe4 53. Qc1 Qd3 54. Qf4 Kg6 55. Kh2 Qe4 56. Qc1 Qe5+ 0-1

[Event "December 19 Late 2023"]
[Site "https://www.chess.com"]
[Date "2023.12.19"]
[Round "7"]
[White "Khodabandeh, Milad"]
[Black "De Souza, Cristiano Gomes"]
[Result "1-0"]
[Board "128"]
[TimeControl "180+1"]
[WhiteFideId "12538620"]
[BlackFideId "2151758"]
[WhiteElo "1846"]
[BlackElo "2068"]
[WhiteTeam "IRI"]
[BlackTeam "BRA"]
[WhiteClock "0:00:46"]
[BlackClock "0:00:09"]

1. e4 c5 2. Nf3 d6 3. d4 cxd4 4. Nxd4 Nf6 5. Nc3 a6 6. h3 e5 7. Nde2 Be7 8. g4 O-O 9. Bg2 Nc6 10. Ng3 b5 11. g5 Nd7 12. h4 Nb6 13. Nf5 Be6 14. Ne2 Re8 15. Neg3 Bf8 16. h5 Qd7 17. b3 Rad8 18. Be3 Nc8 19. g6 fxg6 20. hxg6 hxg6 21. Nh4 Bf7 22. Bh3 Qc7 23. Qg4 N8e7 24. Nf3 d5 25. Qh4 g5 26. Nxg5 Ng6 27. Qh7# 1-0

[Event "December 19 Late 2023"]
[Site "https://www.chess.com"]
[Date "2023.12.19"]
[Round "7"]
[White "Gumugama"]
[Black "Kostiukov, Alexandr"]
[Result "1-0"]
[Board "129"]
[TimeControl "180+1"]
[BlackFideId "14108100"]
[WhiteElo "2198"]
[BlackElo "2112"]
[BlackTeam "UKR"]
[WhiteClock "0:00:14"]
[BlackClock "0:00:00"]

1. e4 c5 2. Nf3 g6 3. d4 cxd4 4. Nxd4 Bg7 5. c4 Nc6 6. Nc2 Nf6 7. Nc3 O-O 8. Be2 d6 9. O-O Nd7 10. Be3 Nc5 11. Nd4 Bd7 12. Rc1 a5 13. Ndb5 Be6 14. Qd2 a4 15. f3 Qa5 16. Rfd1 Rfc8 17. Nd5 Bxd5 18. cxd5 Qxd2 19. Rxd2 Nb4 20. Bxc5 Rxc5 21. Rxc5 dxc5 22. a3 Na6 23. Rc2 Rc8 24. Nc3 Nb8 25. Nxa4 Nd7 26. b4 b6 27. bxc5 bxc5 28. Bb5 Bd4+ 29. Kf1 Ne5 30. Nb2 Rb8 31. a4 Kf8 32. Nc4 Nxc4 33. Rxc4 e6 34. dxe6 fxe6 35. Ke2 e5 36. f4 Ke7 37. f5 gxf5 38. exf5 e4 39. g4 Kf6 40. h3 Ke5 41. Rc1 h5 42. Rf1 hxg4 43. hxg4 Rh8 44. f6 Rh2+ 45. Kd1 1-0